 Dungeon Crawl Stone Soup version 0.20-a0-261-gcb1eca7 (webtiles) character file.

37 Goblin1989 the Charlatan (level 3, 0/26 HPs)
             Began as a Demonspawn Artificer on Dec 4, 2016.
             Succumbed to an adder's poison
             ... on level 2 of the Dungeon.
             The game lasted 00:03:22 (899 turns).

Goblin1989 the Charlatan (Demonspawn Artificer)      Turns: 899, Time: 00:03:23

Health: 0/26       AC:  6    Str: 12 (14) XL:     3   Next: 23%
Magic:  5/5        EV: 10    Int: 11 (12) God:
Gold:   26         SH:  0    Dex: 13 (14) Spells: 2/2 levels left

rFire  . . .     SeeInvis .     a - +0 short sword
rCold  + . .     Gourm    .     h - +0 ring mail
rNeg   . . .     Faith    .     (no shield)
rPois  .         Spirit   .     (no helmet)
rElec  .         Reflect  .     (no cloak)
rCorr  .         Harm     .     (no gloves)
MR     .....                    (no boots)
Stlth  +.........               (no amulet)
                                (no ring)
                                (no ring)

@: lethally poisoned (0 -> -1)
A: cold resistance 1, shaggy fur 1, strong 1
a: no special abilities


You were on level 2 of the Dungeon.
You were not hungry.

You visited 1 branch of the dungeon, and saw 2 of its levels.

You collected 26 gold pieces.

Inventory:

Hand Weapons
 a - a +0 short sword (weapon)
Missiles
 k - 6 curare-tipped needles
Armour
 b - a +0 leather armour
 h - a +0 ring mail (worn)
Wands
 c - a wand of flame (15/48)
 e - a wand of random effects (15/48)
 E - a wand of enslavement (15/24)
Scrolls
 i - 2 scrolls of identify {unknown}
Comestibles
 f - a bread ration {@e1}
 g - a chunk of flesh {@w0}
 l - a meat ration {@e2}
 m - a royal jelly


   Skills:
 - Level 1.4 Fighting
 * Level 2.5 Short Blades
 - Level 1.7 Dodging
 + Level 1.1 Stealth
 - Level 3.0 Evocations


You had 2 spell levels left.
You didn't know any spells.

Dungeon Overview and Level Annotations

Branches:
Dungeon (2/15)

Altars:


Innate Abilities, Weirdness & Mutations

Your flesh is cold resistant. (rC+)
You are covered in fur. (AC +1)
Your muscles are strong. (Str +2)


Message History

The quokka barely misses you.
Unknown command.
You closely miss the quokka.
The quokka is moderately wounded.
* * * LOW HITPOINT WARNING * * *
You feel sick. The quokka barely misses you.
You take 1 damage, and have 1/26 hp.
Unknown command.
You closely miss the quokka.
The quokka is moderately wounded.
The quokka misses you. The quokka barely misses you.
Unknown command.
You hit the quokka.
The quokka is heavily wounded.
The quokka bites you but does no damage.
Unknown command.
You hit the quokka.
You kill the quokka!
Unknown command.
You die...

███ █. ...... .. █.
.█.... ..█. █......
██.█. ....... . ..
....$.. █.█. .......
██<██.█.█████.......
█......█@....?......
█.███████....( ███
... .


There were no monsters in sight!

Vanquished Creatures
  An adder (D:2)
  2 dart slugs (D:1)
  4 giant cockroaches (D:1)
  2 goblins (D:1)
  2 hobgoblins (D:1)
  4 jackals
  A quokka (D:2)
  2 bats (D:2)
  A frilled lizard (D:1)
  2 kobolds (D:1)
  2 rats (D:1)
23 creatures vanquished.

Notes
Turn   | Place    | Note
-------+----------+-------------------------------------------
     0 | D:1      | Goblin1989 the Demonspawn Artificer began the quest for the Orb.
     0 | D:1      | Reached XP level 1. HP: 15/15 MP: 3/3
    76 | D:1      | Reached skill level 1 in Short Blades
   102 | D:1      | Gained mutation: Your flesh is cold resistant. (rC+) [demonic ancestry]
   102 | D:1      | Reached XP level 2. HP: 14/21 MP: 4/4
   881 | D:2      | Reached skill level 1 in Stealth
   881 | D:2      | Reached XP level 3. HP: 9/26 MP: 5/5
   890 | D:2      | Gained mutation: You are covered in fur. (AC +1) [potion of mutation]
   890 | D:2      | Gained mutation: Your muscles are strong. (Str +2) [potion of mutation]
   891 | D:2      | HP: 1/26 [poisoned by an adder]
   899 | D:2      | Succumbed to an adder's poison

Vault maps used:
D:1:      zaba_arrival_water
D:2:      zin_statuary, nicolae_ru_sacrificial_ziggurat

Skill      XL: |  1  2 |
---------------+-------+-----
Short Blades   | 1 2 |  2.5
Stealth        | 1 |  1.1
Fighting       | |  1.4
Dodging        | |  1.7
Evocations     | |  3.0

Action                   || total
-------------------------++-------
Melee: Short sword       ||   142
  Use: Potion            ||     2
 Stab: Sleeping          ||     1
Armor: Ring mail         ||    49
       Leather armour    ||     1
Dodge: Dodged            ||   102

Vault maps used:
D:1:      zaba_arrival_water
D:2:      zin_statuary, nicolae_ru_sacrificial_ziggurat
